 Dungeon Crawl Stone Soup version 0.29.1-12-g30fa7ad0bf (webtiles) character file.

Game seed: 4545770373711043116

105 miahnora the Grave Robber (level 4, -20/30 HPs)
             Began as a Mummy Necromancer on Dec 13, 2022.
             Demolished by an ogre
             ... wielding a +0 giant club
              (25 damage)
             ... on level 3 of the Dungeon.
             The game lasted 00:12:54 (3302 turns).

miahnora the Grave Robber (Mummy Necromancer)       Turns: 3302, Time: 00:12:54

Health: -20/30     AC:  2    Str: 11    XL:     4   Next: 53%
Magic:  3/9        EV: 12    Int: 16    God:
Gold:   271        SH:  0    Dex: 12    Spells: 9/10 levels left

rFire   x . .      SeeInvis .   (no weapon)
rCold   + . .      Faith    .   (no shield)
rNeg    + + +      Spirit   .   a - +0 robe
rPois   ∞          Reflect  .   (no helmet)
rElec   .          Harm     .   (no cloak)
rCorr   .          Rampage  .   (no gloves)
Will    .....                   (no boots)
Stlth   ++........              (no amulet)
HPRegen 0.10/turn               (no ring)
MPRegen 0.11/turn               (no ring)

@: no status effects
A: cold resistance 1, negative energy resistance 3, torment resistance 2, heat
vulnerability 1, in touch with death 1, no potions
a: no special abilities


You were on level 3 of the Dungeon.
You visited 1 branch of the dungeon, and saw 3 of its levels.

You collected 271 gold pieces.

Inventory:

Armour
 a - a +0 robe (worn)
Jewellery
 f - a +4 ring of slaying
Wands
 g - a wand of quicksilver (5)
Scrolls
 b - 2 scrolls of amnesia {unknown}
 c - a scroll of summoning {unknown}
 d - 4 scrolls of identify {unknown}
 e - 2 scrolls of teleportation {unknown}
 h - a scroll of fear {unknown}


   Skills:
 + Level 1.5 Dodging
 + Level 1.5 Stealth
 + Level 3.7 Spellcasting
 + Level 5.5 Necromancy


You had 9 spell levels left.
You knew the following spells:

 Your Spells              Type           Power      Damage    Failure   Level
a - Necrotise             Necr           100%       1d9       1%          1

Your spell library contained the following spells:

 Spells                   Type           Power      Damage    Failure   Level
 Vampiric Draining        Necr           31%        2d8       5%          3
 Sandblast                Erth           6%         2d5       17%         1
 Summon Small Mammal      Summ           12%        N/A       17%         1
 Animate Dead             Necr           31%        N/A       17%         4
 Passwall                 Tmut/Erth      2%         N/A       26%         2
 Agony                    Necr           31%        N/A       43%         5
 Call Canine Familiar     Summ           3%         N/A       45%         3
 Stone Arrow              Conj/Erth      6%         3d7       45%         3
 Summon Guardian Golem    Hex/Summ       3%         N/A       45%         3


Dungeon Overview and Level Annotations

Branches:
Dungeon (3/15)

Altars:
Okawaru


Innate Abilities, Weirdness & Mutations

You are immune to poison.
Your flesh is cold resistant. (rC+)
You are immune to negative energy. (rN+++)
You are immune to unholy pain and torment.
You are vulnerable to heat. (rF-)
You are in touch with the powers of death.
You do not drink.


Message History

You see here a +0 falchion.
A kobold comes into view. It is wielding a +0 dagger.
Found 16 gold pieces.
Aiming: Necrotise (safe; 1% risk of failure)
Press: ? - help, Q - select action, (/) - cycle Shift-Dir - straight line, f - you
Okay, then.
An ogre comes into view. It is wielding a +0 giant club.
Aiming: Necrotise (safe; 1% risk of failure)
Press: ? - help, Q - select action, (/) - cycle Shift-Dir - straight line, f - ogre
Aim: an ogre, wielding a +0 giant club (asleep, chance to affect: 83%)
You feel a surge of power!
The ogre shouts!
The ogre writhes in agony!
Aiming: Necrotise (safe; 1% risk of failure)
Press: ? - help, Q - select action, (/) - cycle Shift-Dir - straight line, f/p - ogre
Aim: an ogre, wielding a +0 giant club (moderately wounded, chance to affect: 83%)
You feel a surge of power!
The ogre writhes in agony.
Aiming: Necrotise (safe; 1% risk of failure)
Press: ? - help, Q - select action, (/) - cycle Shift-Dir - straight line, f/p - ogre
Aim: an ogre, wielding a +0 giant club (heavily wounded, chance to affect: 83%)
You feel a surge of power!
The ogre barely resists.
Aiming: Necrotise (safe; 1% risk of failure)
Press: ? - help, Q - select action, (/) - cycle Shift-Dir - straight line, f/p - ogre
Aim: an ogre, wielding a +0 giant club (heavily wounded, chance to affect: 83%)
You feel a surge of power!
The ogre writhes in agony.
The ogre barely misses you.
Aiming: Necrotise (safe; 1% risk of failure)
Press: ? - help, Q - select action, (/) - cycle Shift-Dir - straight line, f/p - ogre
Aim: an ogre, wielding a +0 giant club (heavily wounded, chance to affect: 83%)
You feel a surge of power!
The ogre writhes in agony.
Aiming: Necrotise (safe; 1% risk of failure)
Press: ? - help, Q - select action, (/) - cycle Shift-Dir - straight line, f/p - ogre
Aim: an ogre, wielding a +0 giant club (severely wounded, chance to affect: 83%)
You feel a surge of power!
The ogre writhes in agony.
The ogre hits you with a +0 giant club!!
Ouch! That really hurt!
* * * LOW HITPOINT WARNING * * *
The ogre hits you with a +0 giant club!!
Ouch! That really hurt!
You die...

#...........#
#..###.##...#
#..# #.##...#
#..# #.##...#
#..###.##...#
#...........#
####
##.###..##.##
...# #..##.#
...# #.@##.#
...#
#.###O.##.#
#.##
#.........#
#.#
#####.K####
#.# #..# #.#
#..# #.##
#..# ...#
#..# #.##
..$#


You could see an ogre and a kobold.

Vanquished Creatures
  4 adders
  2 worms (D:2)
  2 dart slugs
  An orc (D:3)
  7 bats
  5 endoplasms
  7 giant cockroaches
  A goblin (D:1)
  7 hobgoblins
  5 kobolds
  6 ball pythons
  2 frilled lizards (D:3)
  5 rats
54 creatures vanquished.

Vanquished Creatures (collateral kills)
  A giant cockroach (D:1)
  A frilled lizard (D:3)
2 creatures vanquished.

Vanquished Creatures (others)
  4 fungi (D:2)
  5 toadstools (D:2)
9 creatures vanquished.

Grand Total: 65 creatures vanquished

Notes
Turn   | Place    | Note
-------+----------+-------------------------------------------
     0 | D:1      | miahnora the Mummy Necromancer began the quest for the Orb.
     0 | D:1      | Reached XP level 1. HP: 13/13 MP: 4/4
   288 | D:1      | Reached XP level 2. HP: 19/19 MP: 2/5
  1380 | D:2      | Gained mutation: You are in touch with the powers of death.
                  | [Mummy growth]
  1380 | D:2      | Reached XP level 3. HP: 24/24 MP: 4/7
  1450 | D:2      | Reached skill level 5 in Necromancy
  2207 | D:2      | Reached XP level 4. HP: 30/30 MP: 6/9
  2621 | D:3      | Found an iron altar of Okawaru.
  3294 | D:3      | Noticed an ogre
  3302 | D:3      | Demolished by an ogre

Illustrated notes

Levels and vault maps discovered:
D:1:      zelgadis_glass_arrival_small, layout_loops_ring
D:2:      layout_loops_corners, minmay_gold_behind_fungi
D:3:      layout_loops_ring, mainiacjoe_overflow_surrounded_room,
          shapermc_ecumenical_altar_pompeii, wad_rectangle_vault

Skill      XL: |  1  2  3 |
---------------+----------+-----
Spellcasting   | 3 |  3.7
Necromancy     | 5 |  5.5
Dodging        | |  1.5
Stealth        | |  1.5

Action                   |  1- 3 |  4- 6 || total
-------------------------+-------+-------++-------
Melee: Unarmed           |       |    17 ||    17
 Cast: Necrotise         |    80 |    40 ||   120
Armor: Robe              |     6 |     3 ||     9
Dodge: Dodged            |    11 |    23 ||    34
